 Dungeon Crawl Stone Soup version 0.28.0-53-g5a82cb258f (webtiles) character file.

Game seed: 16034129727112918670

163 Stomo the Skirmisher (level 5, -5/42 HPs)
             Began as a Demonspawn Fighter on July 2, 2022.
             Slain by an ogre
             ... wielding a +0 giant club
              (26 damage)
             ... on level 4 of the Dungeon.
             The game lasted 00:03:41 (3775 turns).

Stomo the Skirmisher (Demonspawn Fighter)           Turns: 3775, Time: 00:03:42

Health: -5/42      AC:  9    Str: 19    XL:     5   Next: 20%
Magic:  5/5        EV: 10    Int:  9    God:
Gold:   159        SH:  4    Dex: 12    Spells: 4/4 levels left

rFire   . . .      SeeInvis .   a - +0 flail
rCold   . . .      Faith    .   (no shield)
rNeg    . . .      Spirit   .   b - +0 scale mail
rPois   .          Reflect  .   (helmet restricted)
rElec   .          Harm     .   (no cloak)
rCorr   .          Rampage  .   (no gloves)
Will    .....                   i - +1 pair of boots
Stlth   ..........              (no amulet)
HPRegen 0.14/turn               (no ring)
MPRegen 0.09/turn               (no ring)

@: mighty
A: antennae 2, large bone plates 1
a: no special abilities


You were on level 4 of the Dungeon.
You visited 1 branch of the dungeon, and saw 4 of its levels.

You collected 159 gold pieces.

Inventory:

Hand Weapons
 a - a +0 flail (weapon)
 g - a +0 whip
Missiles
 m - a throwing net (quivered)
Armour
 b - a +0 scale mail (worn)
 c - a +0 buckler
 i - a +1 pair of boots (worn)
 j - a +0 helmet
Jewellery
 n - a +6 ring of intelligence
Scrolls
 f - a scroll of identify
 l - 2 scrolls of teleportation
Potions
 e - 3 potions of curing {unknown}
 h - a potion of lignification
 k - a potion of flight {unknown}


   Skills:
 + Level 3.9 Fighting
 + Level 2.8 Maces & Flails
 + Level 3.5 Armour
 + Level 2.0 Dodging
 - Level 2.6 Shields


You had 4 spell levels left.
You didn't know any spells.
Your spell library contained the following spells:

 Spells                   Type           Power      Damage    Failure   Level
 Gell's Gravitas          Tloc           0%         N/A       98%         3
 Lesser Beckoning         Tloc           0%         N/A       98%         3
 Teleport Other           Tloc           0%         N/A       98%         3


Dungeon Overview and Level Annotations

Branches:
Dungeon (4/15)
 Temple: D:4-7

Altars:
Gozag
Sif Muna
The Shining One

Shops:
D:2 !


Innate Abilities, Weirdness & Mutations

You have a pair of antennae on your head.
You are partially covered in large bone plates. (SH +4)


Message History

No target in view!
There is a stone staircase leading down here.
Found a stone staircase leading up.
Done exploring.
Done exploring.
Done exploring.
No target in view!
(D) Dungeon
Where to? (Enter - D:3, ? - help)
What level of the Dungeon? (default 1, ? - help)
There is a stone staircase leading down here.
You climb downwards.
You sense a monster nearby.
There is a stone staircase leading up here.
Found a plate armour.
You see here a +0 plate armour.
You see here a +0 plate armour.
An ogre comes into view. It is wielding a +0 giant club.
The ogre shouts!
An ogre is nearby!
Found a glowing orb and 21 stones.
Found a shimmering blue altar of Sif Muna.
Found a stone staircase leading down.
Unknown command.
As you read the scroll labelled RORPHE NECLYILEUROL, it crumbles to dust.
It is a scroll of enchant armour.
Your +0 pair of boots glows green for a moment.
You feel very mighty all of a sudden. The ogre barely misses you.
You hit the ogre.
The ogre is moderately wounded.
The ogre hits you with a +0 giant club!!
Ouch! That really hurt!
You closely miss the ogre.
The ogre is moderately wounded.
You barely miss the ogre.
The ogre is moderately wounded.
The ogre hits you with a +0 giant club!!
Ouch! That really hurt!
You die...

###### {#....#
#..# {#.##.# #..#
#.<#.# #..#
{#..#.# #..# .._.
#..#.# #..# ##(..
#....# #..# #..#.
#@#### #..# ##....
#O######..# ......
#.......[.#
###...#########.##
#............O..#
#.##...##########
##..# #.O# ##.#


You could see an ogre.

Vanquished Creatures
  Natasha (twice) (D:3)
  4 adders
  A worm (D:2)
  4 dart slugs
  7 endoplasms
  11 hobgoblins
  3 kobolds
  4 quokkas
  12 ball pythons
  5 bats
  3 frilled lizards
  6 goblins
  6 rats
68 creatures vanquished.

Notes
Turn   | Place    | Note
-------+----------+-------------------------------------------
     0 | D:1      | Stomo the Demonspawn Fighter began the quest for the Orb.
     0 | D:1      | Reached XP level 1. HP: 18/18 MP: 1/1
   121 | D:1      | Gained mutation: You have a pair of small antennae on your
                  | head. [demonic ancestry]
   121 | D:1      | Reached XP level 2. HP: 18/24 MP: 2/2
   712 | D:1      | Reached skill level 1 in Dodging
  1073 | D:2      | Found an opulent altar of Gozag.
  1095 | D:2      | Gained mutation: You are partially covered in large bone
                  | plates. (SH +4) [demonic ancestry]
  1095 | D:2      | Reached XP level 3. HP: 28/29 MP: 3/3
  2209 | D:2      | Reached XP level 4. HP: 35/35 MP: 4/4
  2578 | D:2      | Found Wekhlaim's Distillery.
  3005 | D:3      | Noticed Natasha
  3032 | D:3      | Killed Natasha
  3433 | D:3      | Found a faded altar of an unknown god.
  3465 | D:3      | Noticed Natasha
  3473 | D:3      | Killed Natasha
  3474 | D:3      | Gained mutation: You have a pair of antennae on your head.
                  | [demonic ancestry]
  3474 | D:3      | Reached XP level 5. HP: 36/42 MP: 5/5
  3752 | D:4      | Noticed an ogre
  3753 | D:4      | Found a shimmering blue altar of Sif Muna.
  3775 | D:4      | Slain by an ogre

Illustrated notes

Levels and vault maps discovered:
D:1:      kennysheep_arrival_forest, layout_basic
D:2:      minmay_recursive_quarters, layout_basic, serial_shops,
          nicolae_shop_window_shopping, basic_altar, kennysheep_donut
D:3:      layout_basic, mainiacjoe_overflow_surrounded_room,
          ebering_ecumenical_altar_abandoned, uniq_natasha
D:4:      layout_basic, mainiacjoe_overflow_tiny_flanked,
          nicolae_ashenzari_panopticon, nicolae_shop_firing_range, uniq_edmund

Skill      XL: |  1  2  3  4 |
---------------+-------------+-----
Maces & Flails | 2 |  2.8
Armour         | 3 |  3.5
Dodging        | 1 2 |  2.0
Fighting       | |  3.9
Shields        | |  2.6

Action                   |  1- 3 |  4- 6 || total
-------------------------+-------+-------++-------
Melee: Flail             |    62 |    76 ||   138
       Whip              |   115 |       ||   115
       Punch             |     1 |       ||     1
  Use: Scroll            |     2 |     3 ||     5
       Potion            |       |     1 ||     1
Armor: Scale mail        |   111 |    35 ||   146
Dodge: Dodged            |    91 |    39 ||   130
Block: Buckler           |     1 |       ||     1
       Other             |    16 |    16 ||    32
